 Dungeon Crawl Stone Soup version 0.30.1-11-g7821555f0a (webtiles) character file.

Game seed: 8020003064436057169

140 Kallu the Poker (level 5, 0/26 (43) HPs)
             Began as a Gnoll Reaver on Dec 17, 2023.
             Constricted to death by Terence (6 damage)
             ... on level 3 of the Dungeon.
             The game lasted 00:09:26 (2949 turns).

Kallu the Poker (Gnoll Reaver)                      Turns: 2949, Time: 00:09:26

HP:   0/26 (43)     AC:  5    Str: 11    XL:     5   Next: 22%
MP:   11/12         EV:  9    Int: 15    God:
Gold: 184           SH:  0    Dex: 10    Spells: 13/14 levels left

rFire   . . .        a - +2 dagger (venom)
rCold   . . .        (no shield)
rNeg    . . .        c - +0 leather armour
rPois   .            (no helmet)
rElec   .            k - +0 cloak
rCorr   .            g - +0 pair of gloves
SInv    .            (no boots)
Will    .....        (no amulet)
Stlth   +            (no ring)
HPRegen 0.24/turn    (no ring)
MPRegen 0.13/turn

%: no passive effects
@: grasped by roots, constricted, very heavily drained
A: fangs 1, strong nose, distributed training
a: no special abilities


You were on level 3 of the Dungeon.
You visited 1 branch of the dungeon, and saw 3 of its levels.

You collected 184 gold pieces.

Inventory:

Hand Weapons
 a - a +2 dagger of venom (weapon)
 b - the +0 sling of Ingicvuvej {drain, SInv}
   (You found it on level 3 of the Dungeon)

   SInv:      It lets you see invisible.
Missiles
 e - 8 poisoned darts
 n - 4 javelins
Armour
 c - a +0 leather armour (worn)
 g - a +0 pair of gloves (worn)
 k - a +0 cloak (worn)
Wands
 o - a wand of quicksilver (5)
Scrolls
 f - a scroll of teleportation
 l - a scroll of enchant weapon {unknown}
 m - a scroll of enchant armour {unknown}
 p - 2 scrolls of noise {unknown}
Potions
 d - a potion of degeneration {unknown}
 h - a potion of berserk rage {unknown}
 i - 2 potions of might
 j - a potion of resistance {unknown}


   Skills:
 + Level 4.8 Fighting
 + Level 1.4 Short Blades
 + Level 1.4 Long Blades
 + Level 1.4 Axes
 + Level 1.4 Maces & Flails
 + Level 6.7 Polearms
 + Level 1.4 Staves
 + Level 1.4 Ranged Weapons
 + Level 1.4 Throwing
 + Level 1.4 Armour
 + Level 4.8 Dodging
 + Level 1.4 Stealth
 + Level 1.4 Shields
 + Level 1.4 Unarmed Combat
 + Level 5.2 Spellcasting
 + Level 5.5 Conjurations
 + Level 1.1 Hexes
 + Level 1.1 Summonings
 + Level 1.1 Necromancy
 + Level 1.1 Translocations
 + Level 1.1 Transmutations
 + Level 1.1 Fire Magic
 + Level 1.1 Ice Magic
 + Level 1.1 Air Magic
 + Level 1.1 Earth Magic
 + Level 1.1 Poison Magic
 + Level 1.6 Invocations
 + Level 1.4 Evocations


You had 13 spell levels left.
You knew the following spells:

 Your Spells              Type           Power      Damage    Failure   Level
a - Kiss of Death         Conj/Necr      56%        2d9       5%          1

Your spell library contained the following spells:

 Spells                   Type           Power      Damage    Failure   Level
 Momentum Strike          Conj/Tloc      28%        3d8       8%          2
 Hailstorm                Conj/Ice       14%        3d5       16%         3


Dungeon Overview and Level Annotations

Branches:
Dungeon (3/15)

Altars:

Annotations:
D:3 Ijyb, Natasha, Terence


Innate Abilities, Weirdness & Mutations

You have very sharp teeth.
Your uncanny sense of smell can sniff out nearby items.
Your experience applies equally to all skills.


Message History

Unknown command.
Your +2 dagger of venom begins to drip with poison!
a - a +2 dagger of venom (weapon)
You hit Terence but do no damage.
Terence is poisoned.
Terence hits you but does no damage. The grasping roots constrict you.
The grasping roots release their grip on you.
You hit Terence but do no damage.
Terence looks even sicker.
Your bite misses Terence.
Terence zaps a wand.
The roots erupt in riotous growth!
The grasping roots grab you!
Terence is unaffected.
The grasping roots constrict you!
Unknown command.
Okay, then.
Casting: Kiss of Death (safe; 5% risk of failure)
Confirm with . or Enter, or press ? or * to list all spells.
Okay, then.
Casting: Kiss of Death (safe; 5% risk of failure)
Confirm with . or Enter, or press ? or * to list all spells.
Aiming: Kiss of Death (safe; 5% risk of failure)
Press: ? - help, Shift-Dir - straight line, f/p - Terence
Aim: Terence, wielding a +0 short sword, wearing a +3 scale mail of fire resistance and carrying a wand of roots (7) (moderately wounded, very poisoned, 100% to hit)
The negative energy hits Terence.
Terence is drained!
Terence is heavily wounded.
You feel drained. Terence hits you but does no damage.
The grasping roots constrict you.
You hit Terence but do no damage.
Terence looks as sick as possible!
Terence is heavily wounded.
Terence hits you but does no damage. The grasping roots constrict you.
Unknown command.
You barely miss Terence.
Terence is severely wounded.
Terence barely misses you. The grasping roots constrict you.
* * * LOW HITPOINT WARNING * * *
The grasping roots release their grip on you.
You hit Terence but do no damage.
Terence looks as sick as possible!
Terence is almost dead.
Terence zaps a wand.
The roots erupt in riotous growth!
The grasping roots grab you!
Terence is unaffected.
The grasping roots constrict you.
You die...

############# #.......(@@.#
######†#########.####
.)..................#
........#######.#.#.#######
#####...# .###......(.#
#...# ##.#.####.##.#
#####...# #.# #.##.#
#.......####.# #.# ###.##.#
#..##........# #.#
#..(.#.##


You could see Terence (extremely poisoned, very drained).

Vanquished Creatures
  An orc wizard (D:3)
  Natasha (D:3)
  An adder (D:3)
  9 dart slugs (D:3)
  2 worms
  4 orcs (D:3)
  4 endoplasms
  2 giant cockroaches (D:1)
  3 goblins (D:2)
  7 hobgoblins
  8 ball pythons
  2 bats
  4 frilled lizards
  4 kobolds
  3 rats
55 creatures vanquished.

Notes
Turn   | Place    | Note
-------+----------+-------------------------------------------
     0 | D:1      | Kallu the Gnoll Reaver began the quest for the Orb.
     0 | D:1      | Reached XP level 1. HP: 20/20 MP: 6/6
   808 | D:1      | Reached XP level 2. HP: 23/24 MP: 7/7
  1521 | D:2      | Reached skill level 5 in Spellcasting
  1521 | D:2      | Reached XP level 3. HP: 30/31 MP: 7/9
  1674 | D:2      | Reached skill level 1 in Invocations
  2155 | D:3      | Reached skill level 1 in Short Blades
  2155 | D:3      | Reached skill level 1 in Long Blades
  2155 | D:3      | Reached skill level 1 in Axes
  2155 | D:3      | Reached skill level 1 in Maces & Flails
  2155 | D:3      | Reached skill level 1 in Staves
  2155 | D:3      | Reached skill level 1 in Ranged Weapons
  2155 | D:3      | Reached skill level 1 in Throwing
  2155 | D:3      | Reached skill level 1 in Armour
  2155 | D:3      | Reached skill level 1 in Stealth
  2155 | D:3      | Reached skill level 1 in Shields
  2155 | D:3      | Reached skill level 1 in Unarmed Combat
  2155 | D:3      | Reached skill level 1 in Evocations
  2195 | D:3      | Reached XP level 4. HP: 32/36 MP: 9/11
  2200 | D:3      | Reached skill level 1 in Hexes
  2200 | D:3      | Reached skill level 1 in Summonings
  2200 | D:3      | Reached skill level 1 in Necromancy
  2200 | D:3      | Reached skill level 1 in Translocations
  2200 | D:3      | Reached skill level 1 in Transmutations
  2200 | D:3      | Reached skill level 1 in Fire Magic
  2200 | D:3      | Reached skill level 1 in Ice Magic
  2200 | D:3      | Reached skill level 1 in Air Magic
  2200 | D:3      | Reached skill level 1 in Earth Magic
  2200 | D:3      | Reached skill level 1 in Poison Magic
  2265 | D:3      | Noticed Ijyb
  2517 | D:3      | Noticed Natasha
  2525 | D:3      | Killed Natasha
  2526 | D:3      | Reached XP level 5. HP: 17/33 MP: 9/12
  2634 | D:3      | Noticed Natasha
  2668 | D:3      | Noticed an ice beast
  2860 | D:3      | Identified the +0 sling of Ingicvuvej {drain, SInv}
  2940 | D:3      | Noticed Terence
  2949 | D:3      | Constricted to death by Terence

Illustrated notes

Levels and vault maps discovered:
D:1:      wheals_arrival_linesprint, layout_basic,
          chequers_serial_rivers_micro_c
D:2:      layout_loops_ring
D:3:      kennysheep_slugbush, layout_loops_ring, portal_sewer_entry_b,
          kennysheep_doodads, mrwooster_statue_mirror, hex_medium, uniq_natasha,
          uniq_ijyb, uniq_terence

Skill      XL: |  1  2  3  4 |
---------------+-------------+-----
Spellcasting   | 5 |  5.2
Invocations    | 1 |  1.6
Short Blades   | 1 |  1.4
Long Blades    | 1 |  1.4
Axes           | 1 |  1.4
Maces & Flails | 1 |  1.4
Staves         | 1 |  1.4
Ranged Weapons | 1 |  1.4
Throwing       | 1 |  1.4
Armour         | 1 |  1.4
Stealth        | 1 |  1.4
Shields        | 1 |  1.4
Unarmed Combat | 1 |  1.4
Evocations     | 1 |  1.4
Hexes          | 1 |  1.1
Summonings     | 1 |  1.1
Necromancy     | 1 |  1.1
Translocations | 1 |  1.1
Transmutations | 1 |  1.1
Fire Magic     | 1 |  1.1
Ice Magic      | 1 |  1.1
Air Magic      | 1 |  1.1
Earth Magic    | 1 |  1.1
Poison Magic   | 1 |  1.1
Fighting       | |  4.8
Polearms       | |  6.7
Dodging        | |  4.8
Conjurations   | |  5.5

Action                     |  1- 3 |  4- 6 || total
---------------------------+-------+-------++-------
  Melee: Spear             |    69 |       ||    69
         Bite              |     4 |     5 ||     9
         Dagger            |    24 |    60 ||    84
         Punch             |       |     1 ||     1
   Fire: Sling             |    47 |     4 ||    51
   Cast: Kiss of Death     |     2 |     3 ||     5
    Use: Scroll            |       |     3 ||     3
   Stab: Sleeping          |     3 |       ||     3
 Armour: Leather armour    |    17 |    17 ||    34
  Dodge: Dodged            |    39 |    29 ||    68
